Ger, lawful male human Monk ------------- |....*..%.... -.>*.%......| |......II.... #............| |...........| ------------- Ger the Initiate Experience level: 6 Strength: 18/04 Dexterity: 11 Constitution: 13 Intelligence: 10 Wisdom: 11 Charisma: 10 Health: 0(54) Energy: 16(27) Def: 6 Gold: 93 Moves: 2201 Dungeon seed: 6xdctBDH0gh6IUmy Game ID: Ger_1554741775 Your Inventory: Coins $ - 93 gold pieces Armor e - an uncursed +2 pair of leather gloves (being worn) n - an uncursed +1 robe (being worn) q - an uncursed +1 bronze plate mail Comestibles d - 2 uncursed food rations g - 7 uncursed oranges h - 3 uncursed fortune cookies k - an uncursed carrot u - an uncursed tin of gecko meat Scrolls b - an uncursed scroll of identify l - an uncursed scroll of light z - 3 uncursed scrolls of blank paper Spellbooks a - a blessed spellbook of healing o - an uncursed spellbook of light p - an uncursed spellbook of detect monsters x - an uncursed spellbook of protection A - an uncursed spellbook of protection B - an uncursed spellbook of confuse monster C - an uncursed spellbook of levitation D - an uncursed spellbook of detect food Potions c - an uncursed potion of healing Wands y - a wand of probing (0:3) Tools j - an uncursed mirror Spells and supernatural/magical abilities: Name Level Category Fail Memory h - healing 1 healing 0% 89% l - light 1 divination 0% 93% n - detect monsters 1 divination 0% 93% W - pray for help -- divine ? -- Your skills at the end: Fighting Skills martial arts [Basic] Weapon Skills Spellcasting Skills healing spells [Basic] Final Attributes: You were piously aligned. You were sleep resistant. You were poison resistant. You were blinded. You saw invisible. You were stealthy. You were fast. You are dead. Vanquished creatures: a ghost 2 large mimics 2 small mimics a dwarf mummy a soldier ant a water nymph a rock mole 3 giant ants 2 homunculi 4 rothes a centipede a monkey a hobbit a hobgoblin 2 cave spiders 4 gnomes a gnome zombie 2 geckos 3 jackals 2 foxes 2 grid bugs a lichen 4 newts 43 creatures vanquished. Voluntary challenges: You had been an atheist until turn 1912. You never hit with a wielded weapon. You read items or engraved 10 times, starting on turn 25. You never genocided any monsters. You never polymorphed an object. You never changed form. You used no wishes. You never split a pudding. You never wrote Elbereth's name. You violated your moral code, losing 20 points of alignment, starting on turn 615. Dungeon overview: The Dungeons of Doom: levels 1 to 8 Level 1 a long staircase Level 2 a general store Level 3 a bookstore Level 4 a sink Level 5 a general store Level 6 Level 7 Level 8 <- You were here History has recorded: On T:1 you entered the Dungeons of Doom to retrieve the Amulet of Yendor! On T:287 you reached level 2 of The Dungeons of Doom. On T:539 you advanced to experience level 2. On T:568 you advanced to experience level 3. On T:627 you reached level 3 of The Dungeons of Doom. On T:766 you advanced to experience level 4. On T:967 you advanced to experience level 5. On T:996 you reached level 4 of The Dungeons of Doom. On T:1269 you reached level 5 of The Dungeons of Doom. On T:1633 you advanced to experience level 6. On T:1811 you reached level 6 of The Dungeons of Doom. On T:1847 you reached level 7 of The Dungeons of Doom. On T:1905 you reached level 8 of The Dungeons of Doom. Score breakdown: Gold: 93 ( 6711 points) Experience: 6 levels (12456 points) Exploration: 8 levels ( 17.39%) (11832 points) Discoveries: 5 items ( 1.79%) ( 4008 points) Valuables value: (no points given unless you survive) Artifact value: 0 ( 0 points) Variety of kills: 23 monsters ( 6.04%) ( 7370 points) Turncount: 2201 turns ( -142 points) Survival: died (score multiplied by 80%) Total score: 33788 Latest messages: You feel better. Use the 'moveonly' command to move into a remembered wall. (10x) It kicks! It bites! It kicks! It bites! It kicks! It bites! It kicks! It bites! It kicks! It bites! (2x) It misses. It kicks! It bites! You hit it. It hits! You attack thin air. It bites! It hits! You die... Final status: Goodbye Ger the Monk, killed by a Woodland-elf... You died in The Dungeons of Doom on dungeon level 8 with 33788 points, and 93 pieces of gold, after 2201 moves. You were level 6 with a maximum of 54 hit points when you died.